 Dungeon Crawl Stone Soup version 0.25.1-2-g60ff931df9 (webtiles) character file.

Game seed: 2080039153323351539

7658 Araneus the Slicer (level 10, -1/84 HPs)
             Began as a Yellow Draconian Assassin on Sept 25, 2020.
             Was a Priest of Okawaru.
             Succumbed to a killer bee's poison
             ... on level 11 of the Dungeon.
             The game lasted 00:43:30 (13526 turns).

Araneus the Slicer (Yellow Draconian Assassin)     Turns: 13526, Time: 00:43:31

Health: -1/84      AC:  9    Str: 14    XL:     10   Next: 99%
Magic:  13/13      EV: 15    Int: 12    God:    Okawaru [***...]
Gold:   327        SH:  0    Dex: 13    Spells: 9/9 levels left

rFire    . . .     SeeInvis .   x - +5 short sword (vamp)
rCold    . . .     Gourm    .   (no shield)
rNeg     . . .     Faith    .   (armour unavailable)
rPois    .         Spirit   .   (helmet restricted)
rElec    .         Reflect  .   b - +0 cloak
rCorr    +         Harm     .   m - +0 pair of gloves
MR       .....                  (no boots)
Stlth    ++++......             (no amulet)
HPRegen  0.24/turn              i - +4 ring of slaying
MPRegen  0.13/turn              (no ring)

@: mighty, lethally poisoned (-1 -> -42)
A: spit acid, unfitting armour, blurry vision 1, clumsy 1, cold-blooded, acid
resistance, AC +7
a: Breathe Acid, Heroism, Renounce Religion


You were on level 11 of the Dungeon.
You worshipped Okawaru.
Okawaru was most pleased with you.
You were not hungry.

You visited 3 branches of the dungeon, and saw 14 of its levels.

You collected 737 gold pieces.
You spent 410 gold pieces at shops.

Inventory:

Hand Weapons
 a - a +2 dagger
 p - a +1 spear of flaming
 x - a +5 vampiric short sword (weapon)
Missiles
 d - a curare-tipped dart
 l - 14 boomerangs
 v - 16 poisoned darts (quivered)
 G - 10 silver boomerangs
Armour
 b - a +0 cloak (worn)
 m - a +0 pair of gloves (worn)
Jewellery
 i - a +4 ring of slaying (left hand)
 I - a cursed -4 ring of intelligence {unknown}
Wands
 y - a wand of iceblast (10)
 A - a wand of flame (15)
 C - a wand of random effects (14)
Scrolls
 c - a scroll of enchant armour {unknown}
 e - a scroll of fear
 j - 2 scrolls of teleportation
 k - 3 scrolls of magic mapping
 r - 6 scrolls of identify
 t - 2 scrolls of remove curse
 w - 2 scrolls of amnesia
 E - a scroll of fog
 H - a scroll of enchant weapon
Potions
 g - 2 potions of curing
 o - a potion of stabbing
 q - a potion of berserk rage
 s - 4 potions of brilliance
 u - a potion of flight {unknown}
 z - a potion of magic
 D - 2 potions of resistance {unknown}
 F - 2 potions of cancellation {unknown}
Comestibles
 f - 18 rations
 n - 4 chunks of flesh


   Skills:
 + Level 6.8 Fighting
 - Level 10.0 Short Blades
 + Level 5.6 Throwing
 + Level 6.3 Dodging
 + Level 8.1 Stealth
 * Level 5.2 Invocations


You had 9 spell levels left.
You didn't know any spells.
Your spell library contained the following spells:

 Spells                   Type           Power        Failure   Level  Hunger
 Foxfire                  Conj/Fire      #...         32%         1    ##.....
 Freeze                   Ice            #...         32%         1    ##.....
 Conjure Flame            Conj/Fire      #.......     69%         3    ####...
 Frozen Ramparts          Ice            #.....       69%         3    ####...
 Inner Flame              Hex/Fire       #.......     69%         3    ####...
 Ozocubu's Armour         Chrm/Ice       #.......     69%         3    ####...
 Hailstorm                Conj/Ice       #.......     97%         4    #####..
 Sticky Flame             Conj/Fire      #.......     97%         4    #####..
 Summon Ice Beast         Ice/Summ       #.......     97%         4    #####..
 Fireball                 Conj/Fire      #.........   100%        5    ######.


Dungeon Overview and Level Annotations

Branches:
Dungeon (11/15)            Temple (1/1) D:7            Lair (0/6) D:9
    Orc (2/2) D:9             Elf (0/3) Orc:2

Altars:
Cheibriados
Dithmenos
Elyvilon
Fedhas
Gozag
Hepliaklqana
Kikubaaqudgha
Makhleb
Nemelex Xobeh
Okawaru
Qazlal
Ru
Sif Muna
Trog
Uskayaw
Vehumet
Yredelemnul
Zin
The Shining One
Beogh

Shops:
D:11 *   Orc:2 =(*[

Annotations:
D:5 exclusion: oklob plant
D:6 exclusions: cyclops and 2 more exclusions


Innate Abilities, Weirdness & Mutations

You can spit globs of acid.
Your golden yellow scales are hard. (AC +7)
You cannot fit into any form of body armour.
You are cold-blooded and may be slowed by cold attacks.
You are resistant to acid. (rCorr)
Scrolls take you a little longer to read.
You are clumsy. (Dex -2)


Message History

* * * LOW HITPOINT WARNING * * *
The killer bee barely misses you. x2; The killer bee misses you. x2
You feel much better.
You feel sick. The killer bee stings you. The killer bee closely misses you.
The killer bee misses you. The killer bee stings you!
* * * LOW HITPOINT WARNING * * *
The killer bee closely misses you. x2; The killer bee stings you!
* * * LOW HITPOINT WARNING * * *
You are more poisoned.
The killer bee poisons you! The killer bee stings you.
* * * LOW HITPOINT WARNING * * *
You are more poisoned.
The killer bee poisons you! The killer bee stings you!
* * * LOW HITPOINT WARNING * * *
The killer bee stings you.
* * * LOW HITPOINT WARNING * * *
You are more poisoned.
The killer bee poisons you!
A bullfrog comes into view.
You die...

### ## ...##.## #########
#.#.....###########........
#
..#...####.#.....##........
###.....#A##.#........†.F.#
#.....>.###......ly.....#.#
........._......yyy.....#
#.................y..#.##
#.##.....∩......@yy....#
#.##.....#.............#
.......................#
#........#..............#
#........#.#.......#.....#
.....###...#.......###....
#....# #...#........ ...
#....###...........##
......###.....#...


You could see an angel, an iguana and 7 killer bees.

Vanquished Creatures
  A queen bee (D:11)
  3 trolls (D:9)
  2 hippogriffs
  8 yaks
  A wraith (D:10)
  A hungry ghost (D:5)
  3 black bears
  4 ice beasts
  3 orc warriors
  7 ogres
  A necrophage (D:6)
  3 centaurs
  A big kobold (D:11)
  2 bullfrogs
  2 wyvern zombies
  4 jellies
  2 scorpions
  8 killer bees
  5 wights (D:9)
  5 howler monkeys
  3 crimson imps
  2 quasits (D:7)
  A bullfrog zombie (D:5)
  6 hounds
  11 orc priests
  2 bullfrog skeletons
  4 centaur skeletons
  10 orc wizards
  5 iguanas
  8 worker ants
  A killer bee zombie (D:8)
  2 hound skeletons (D:4)
  9 gnolls
  A howler monkey skeleton (D:6)
  A howler monkey zombie (D:11)
  7 adders
  2 shadow imps
  An adder zombie (D:6)
  4 worms
  3 dart slugs
  5 leopard geckos
  61 orcs
  10 giant cockroaches
  9 goblins
  4 hobgoblins
  26 jackals
  3 quokkas
  6 bats
  3 frilled lizards
  A giant cockroach zombie (D:2)
  A jackal skeleton (D:8)
  A jackal zombie (D:5)
  16 kobolds
  A quokka zombie (D:5)
  8 rats
304 creatures vanquished.

Vanquished Creatures (others)
  20 toadstools (D:5)
20 creatures vanquished.

Grand Total: 324 creatures vanquished

Notes
Turn   | Place    | Note
-------+----------+-------------------------------------------
     0 | D:1      | Araneus the Draconian Assassin began the quest for the Orb.
     0 | D:1      | Reached XP level 1. HP: 17/17 MP: 1/1
   320 | D:1      | Reached XP level 2. HP: 24/24 MP: 2/2
   693 | D:1      | You fall into a shaft and drop 1 floor!
   785 | D:1      | Reached skill level 3 in Short Blades
  1093 | D:2      | Reached XP level 3. HP: 26/29 MP: 3/3
  1389 | D:2      | Found a faded altar of an unknown god.
  1917 | D:3      | Reached skill level 4 in Short Blades
  1917 | D:3      | Reached XP level 4. HP: 35/36 MP: 4/4
  3041 | D:3      | Reached XP level 5. HP: 32/41 MP: 5/5
  3081 | D:4      | Reached skill level 5 in Short Blades
  3463 | D:4      | Reached XP level 6. HP: 45/48 MP: 6/6
  3594 | D:4      | Reached skill level 6 in Short Blades
  3813 | D:4      | Found an ancient bone altar of Kikubaaqudgha.
  4000 | D:4      | Found a basalt altar of Yredelemnul.
  4027 | D:4      | Your scales start taking on a golden yellow colour.
  4027 | D:4      | Reached XP level 7. HP: 36/55 MP: 7/7
  4027 | D:4      | Gained mutation: You are resistant to acid. (rCorr) [Yellow
                  | Draconian growth]
  4305 | D:5      | Entered Level 5 of the Dungeon
  4338 | D:5      | Reached skill level 7 in Short Blades
  5038 | D:5      | Found a blossoming altar of Fedhas.
  5049 | D:5      | Noticed an oklob plant
  5364 | D:5      | Noticed a hungry ghost
  5377 | D:5      | Killed a hungry ghost
  5377 | D:5      | Reached XP level 8. HP: 57/61 MP: 8/8
  5804 | D:6      | Reached skill level 8 in Short Blades
  5804 | D:6      | Reached skill level 5 in Stealth
  6419 | D:6      | Noticed a cyclops
  6529 | D:6      | Found a shimmering blue altar of Sif Muna.
  6535 | D:6      | Reached skill level 5 in Throwing
  6553 | D:6      | Reached skill level 9 in Short Blades
  7196 | D:7      | Reached XP level 9. HP: 34/67 MP: 9/9
  7548 | D:7      | Reached skill level 10 in Short Blades
  7548 | D:7      | Reached skill level 1 in Dodging
  7960 | D:7      | Found a staircase to the Ecumenical Temple.
  7967 | Temple   | Entered the Ecumenical Temple
  8337 | D:7      | Found a radiant altar of Vehumet.
  8337 | D:7      | Found a sacrificial altar of Ru.
  8338 | D:7      | Found an iron altar of Okawaru.
  8344 | D:7      | Became a worshipper of Warmaster Okawaru
  8463 | D:7      | Found a hazy altar of Hepliaklqana.
  8732 | D:8      | Reached skill level 1 in Invocations
  9988 | D:9      | Noticed a troll
  9997 | D:9      | Killed a troll
  9997 | D:9      | Reached * piety under Okawaru
  9997 | D:9      | Reached XP level 10. HP: 80/80 MP: 12/12
 10085 | D:9      | Reached skill level 5 in Dodging
 10458 | D:9      | Found a staircase to the Orcish Mines.
 10856 | D:9      | Reached skill level 5 in Fighting
 11000 | D:9      | Found a staircase to the Lair.
 12084 | Orc:1    | Entered Level 1 of the Orcish Mines
 12102 | Orc:1    | You fall into a shaft and drop 1 floor!
 12102 | Orc:2    | Entered Level 2 of the Orcish Mines
 12105 | Orc:2    | Noticed an ettin
 12120 | Orc:2    | Noticed an orc knight
 12120 | Orc:2    | Noticed an orc high priest
 12120 | Orc:2    | Noticed an orc sorcerer
 12120 | Orc:2    | Noticed an orc sorcerer
 12120 | Orc:2    | Noticed an orc knight
 12120 | Orc:2    | Noticed an orc high priest
 12120 | Orc:2    | Noticed an orc knight
 12120 | Orc:2    | Noticed an orc high priest
 12121 | Orc:2    | Noticed an orc warlord
 12134 | Orc:2    | Found Xiji's Antique Armour Boutique.
 12134 | Orc:2    | Found Nessaj's General Store.
 12134 | Orc:2    | Found Fiogyc Powa's Antique Weapon Boutique.
 12134 | Orc:2    | Found Genuyzea's Jewellery Shop.
 12142 | Orc:2    | Bought a scroll of identify for 24 gold pieces
 12142 | Orc:2    | Bought a scroll of identify for 24 gold pieces
 12142 | Orc:2    | Bought a scroll of identify for 24 gold pieces
 12142 | Orc:2    | Bought a scroll of identify for 24 gold pieces
 12142 | Orc:2    | Bought a potion of heal wounds for 60 gold pieces
 12142 | Orc:2    | Noticed an orc knight
 12182 | D:9      | Reached ** piety under Okawaru
 12284 | Orc:1    | Found a roughly hewn altar of Beogh.
 12385 | Orc:1    | Noticed an orc sorcerer
 12389 | Orc:1    | Gained mutation: Scrolls take you a little longer to read.
                  | [a neqoxec]
 12397 | Orc:1    | Gained mutation: You are clumsy. (Dex -2) [a neqoxec]
 12444 | D:10     | Entered Level 10 of the Dungeon
 12864 | D:10     | Reached skill level 5 in Invocations
 13472 | D:11     | Reached *** piety under Okawaru
 13480 | D:11     | Found Mokuah's Hallowed Reliquary.
 13483 | D:11     | Found a white marble altar of Elyvilon.
 13485 | D:11     | Noticed an angel
 13489 | D:11     | Bought 5 silver boomerangs for 127 gold pieces
 13489 | D:11     | Bought 2 silver boomerangs for 51 gold pieces
 13489 | D:11     | Bought 3 silver boomerangs for 76 gold pieces
 13525 | D:11     | HP: 4/84 [killer bee (9)]
 13526 | D:11     | Succumbed to a killer bee's poison

Illustrated notes

Levels and vault maps discovered:
D:1:      sevenhm_arrival_forest_fort_small_4, layout_basic
D:2:      layout_basic, chequers_ecumenical_altar_island,
          kennysheep_generic_room_14
D:3:      layout_basic
D:4:      layout_rooms, kiku_gazebo_pond_becter, yredelemnul_altar_generic,
          first_ration
D:5:      layout_basic, tgw_fedhas
D:6:      kennysheep_orc_sif_temple, layout_loops_cross,
          lemuel_coloured_pillars_altar, lemuel_round_altar,
          lemuel_doored_altar, minmay_chambers_of_fives
D:7:      layout_basic, gammafunk_temple_overflow_claw, kennysheep_little_box,
          minmay_temple_entry_wispy
D:8:      layout_basic
D:9:      layout_basic, lair_entry_dummy, hiddenorc1_lemuel
D:10:     layout_roguey
D:11:     minmay_statue_hallways, layout_cave_pools, minivault_10,
          david_nohive_1, nicolae_good_shop
Temple:   hc_temple_tempest_star
Orc:1:    layout_caves, basic_altar
Orc:2:    st_orc_congregation, layout_caves

Skill      XL: |  1  2  3  4  5  6  7  8  9 10 |
---------------+-------------------------------+-----
Stealth        | 4 6 8 |  8.1
Short Blades   | 3 4 5 6 7 9 10 | 10.0
Throwing       | 2 3 4 5 |  5.6
Dodging        | 4 6 |  6.3
Fighting       | 4 6 |  6.8
Invocations    | 3 5 |  5.2

Action                   |  1- 3 |  4- 6 |  7- 9 | 10-12 || total
-------------------------+-------+-------+-------+-------++-------
Melee: Dagger            |   148 |   185 |   507 |   250 ||  1090
       Tailslap          |    12 |    24 |    71 |    60 ||   167
       Short sword       |       |       |       |   127 ||   127
       Punch             |       |       |       |     1 ||     1
Throw: Dart              |     6 |    39 |    24 |     6 ||    75
       Boomerang         |       |       |       |     1 ||     1
Invok: Heroism           |       |       |       |     2 ||     2
 Abil: Breathe Acid      |       |       |     8 |     4 ||    12
  Use: Scroll            |       |     6 |    10 |     6 ||    22
       Potion            |       |       |     2 |     5 ||     7
 Stab: Sleeping          |    10 |     4 |     8 |    10 ||    32
       Distracted        |       |       |     1 |       ||     1
       Invisible         |       |       |       |     3 ||     3
  Eat: Chunk             |     3 |     7 |    19 |     5 ||    34
       Ration            |       |       |     1 |     2 ||     3
Armor: Skin              |    52 |    53 |   140 |    53 ||   298
Dodge: Dodged            |    67 |    96 |   234 |   220 ||   617
